 Dungeon Crawl Stone Soup version 0.29.1-14-g9c671dbff4 (webtiles) character file.

Game seed: 7322777941957119886

76 leafyfresh the Magician (level 4, -4/31 HPs)
             Began as a Djinni Ice Elementalist on Feb 18, 2023.
             Killed from afar by Ijyb (16 damage)
             ... with a bolt of acid
             ... on level 3 of the Dungeon.
             The game lasted 00:03:04 (3188 turns).

leafyfresh the Magician (Djinni Ice Elementalist)   Turns: 3188, Time: 00:03:05

Health: -4/31      AC:  3    Str:  7    XL:     4   Next: 57%
Gold:   88         EV: 13    Int: 18    God:
                   SH:  0    Dex: 14

rFire   + + .      SeeInvis .   j - +2 dagger (vamp)
rCold   x . .      Faith    .   (no shield)
rNeg    . . .      Spirit   .   a - +0 robe
rPois   ∞          Reflect  .   (no helmet)
rElec   .          Harm     .   (no cloak)
rCorr   .          Rampage  .   h - +0 pair of gloves {hurl}
Will    .....                   (boots unavailable)
Stlth   ++........              (no amulet)
HPRegen 0.10/turn               (no ring)
MPRegen 0.00/turn               (no ring)

@: freezing walls, flying, very slightly contaminated
A: sickness immunity, fire resistance 2, cold vulnerability 1, float, innate
caster, HP casting, extra vitality 1
a: no special abilities


You were on level 3 of the Dungeon.
You visited 1 branch of the dungeon, and saw 3 of its levels.

You collected 88 gold pieces.

Inventory:

Hand Weapons
 d - a +0 short sword
 j - a +2 vampiric dagger (weapon)
Missiles
 n - 5 poisoned darts
 p - 29 stones (quivered)
Armour
 a - a +0 robe (worn)
 h - a +0 pair of gloves of hurling (worn)
 o - a +0 crystal plate armour
Scrolls
 b - 2 scrolls of amnesia {unknown}
 c - a scroll of fear {unknown}
 e - 4 scrolls of identify {unknown}
 f - a scroll of enchant weapon {unknown}
 g - a scroll of fog {unknown}
 i - a scroll of teleportation {unknown}
 k - a scroll of brand weapon {unknown}
 m - a scroll of immolation {unknown}
Potions
 l - a potion of attraction {unknown}


   Skills:
 + Level 3.3 Dodging
 + Level 2.6 Stealth
 + Level 3.7 Spellcasting


You couldn't memorise any spells.
You knew the following spells:

 Your Spells              Type           Power      Damage    Failure   Level
a - Freeze                Ice            64%        1d8       3%          1
b - Frozen Ramparts       Ice            32%        1d5       10%         3
c - Ozocubu's Armour      Ice            16%        N/A       10%         3
d - Hailstorm             Conj/Ice       16%        3d6       32%         4
e - Slow                  Hex            64%        N/A       3%          1
Your spell library was empty.

Dungeon Overview and Level Annotations

Branches:
Dungeon (3/15)

Altars:

Annotations:
D:3 Ijyb


Innate Abilities, Weirdness & Mutations

You are immune to sickness and miasma.
You are immune to poison.
Your flesh is very heat resistant. (rF++)
You are vulnerable to cold. (rC-)
You float through the air rather than walking.
You learn spells naturally, not from books.
Your magical power is your life essence.
You have superior vitality. (+4 MHP)


Message History

Aim: Ijyb, wielding a +0 dagger, wearing a +0 leather armour and carrying a wand of acid (9) (asleep, chance to affect: 64%) Ijyb shouts!
Ijyb struggles to resist.
Unknown command.
Casting: Slow (safe; 3% risk of failure)
Confirm with . or Enter, or press ? or * to list all spells.
Okay, then.
Throw: 31 stones
Press: ? - help, Q - select action, (/) - cycle Shift-Dir - straight line, f/p - Ijyb
Aim: Ijyb, wielding a +0 dagger, wearing a +0 leather armour and carrying a wand of acid (9) (56% to hit)
You throw a stone. The stone barely misses Ijyb.
Unknown command.
Throw: 30 stones
Press: ? - help, Q - select action, (/) - cycle Shift-Dir - straight line, f/p - Ijyb
Aim: Ijyb, wielding a +0 dagger, wearing a +0 leather armour and carrying a wand of acid (9) (56% to hit)
You throw a stone. The stone hits Ijyb but does no damage.
The wall freezes Ijyb but does no damage.
Casting: Slow (safe; 3% risk of failure)
Confirm with . or Enter, or press ? or * to list all spells.
The spell is extremely dangerous to miscast (32% risk of failure)!
Continue anyway?
Casting: Hailstorm (extremely dangerous; 32% risk of failure)
Press: ? - help, Dir - look around, f - activate You miscast Hailstorm.
You are very lightly contaminated with residual magic.
A chill runs through your body!
You feel a terrible chill!
The wall freezes Ijyb but does no damage.
Unknown command.
Unknown command.
You hit Ijyb but do no damage.
The wall freezes Ijyb.
Ijyb hits you with a +0 dagger.
Casting: Hailstorm (extremely dangerous; 32% risk of failure)
Confirm with . or Enter, or press ? or * to list all spells.
Aiming: Freeze (safe; 3% risk of failure)
Press: ? - help, Shift-Dir - straight line, f - Ijyb
Aim: Ijyb, wielding a +0 dagger, wearing a +0 leather armour and carrying a wand of acid (9) (moderately wounded)
You freeze Ijyb.
Ijyb is heavily wounded.
The wall freezes Ijyb.
Ijyb zaps a wand.
The bolt of acid hits you!
Ouch! That really hurt!
You die...

#........#
#.[......#
#........#
#........#
#........#
#........#
#........######
#..@g....#
#.######.#
####.######
#.........#
#.##.####.# ..
#.# #.# ... #.#
#.# .. #..#.#
#.# . #..#.#
#.#


You could see Ijyb.

Vanquished Creatures
  2 adders (D:2)
  2 worms (D:2)
  A dart slug (D:1)
  2 ball pythons (D:1)
  2 endoplasms (D:1)
  A giant cockroach (D:2)
  2 goblins
  8 hobgoblins
  7 jackals (D:2)
  2 quokkas (D:1)
  5 bats
  2 frilled lizards
  5 kobolds
  4 rats
45 creatures vanquished.

Notes
Turn   | Place    | Note
-------+----------+-------------------------------------------
     0 | D:1      | leafyfresh the Djinni Ice Elementalist began the quest for
                  | the Orb.
     0 | D:1      | leafyfresh set off with the following spells memorised:
                  | Freeze, Frozen Ramparts, Ozocubu's Armour, Hailstorm.
     0 | D:1      | Reached XP level 1. HP: 15/15 MP: 0/0
   160 | D:1      | Found a faded altar of an unknown god.
   601 | D:1      | Reached XP level 2. HP: 11/21 MP: 0/0
  1663 | D:1      | Reached XP level 3. HP: 25/25 MP: 0/0
  1663 | D:1      | Learned a level 1 spell: Slow
  2400 | D:2      | Reached XP level 4. HP: 31/31 MP: 0/0
  3179 | D:3      | Noticed Ijyb
  3188 | D:3      | Killed from afar by Ijyb

Illustrated notes

Levels and vault maps discovered:
D:1:      noname_arrival_rooms_in_the_neighbourhood, layout_loops_corners,
          shapermc_ecumenical_altar_pompeii
D:2:      layout_loops_ring, corexii_shack
D:3:      cheibrodos_greedy_goblins, layout_basic, uniq_ijyb

Skill      XL: |  1  2  3 |
---------------+----------+-----
Stealth        | 2 |  2.6
Dodging        | 3 |  3.3
Spellcasting   | |  3.7

Action                   |  1- 3 |  4- 6 || total
-------------------------+-------+-------++-------
Melee: Short sword       |    56 |       ||    56
       Unarmed           |     1 |       ||     1
       Dagger            |    16 |    24 ||    40
Throw: Stone             |       |     2 ||     2
 Cast: Freeze            |    18 |     1 ||    19
       Frozen Ramparts   |     2 |     3 ||     5
       Slow              |       |     1 ||     1
 Stab: Sleeping          |     6 |     3 ||     9
Armor: Robe              |    15 |     4 ||    19
Dodge: Dodged            |    46 |    14 ||    60
